 Dungeon Crawl Stone Soup version 0.30.0-19-g36f170ea60 (webtiles) character file.

Game seed: 14201407327108895781

69 FishyPogo the Digger (level 4, -1/39 HPs)
             Began as a Troll Earth Elementalist on May 30, 2023.
             Was an Initiate of Cheibriados.
             Slain by a gnoll
             ... wielding a +0 flail
              (9 damage)
             ... on level 2 of the Dungeon.
             The game lasted 00:08:57 (891 turns).

FishyPogo the Digger (Troll Earth Elementalist)      Turns: 891, Time: 00:08:57

Health: -1/39      AC:  4    Str: 16    XL:     4   Next: 2%
Magic:  5/5        EV: 10    Int: 18    God:    Cheibriados [......]
Gold:   62         SH:  0    Dex: 16    Spells: 2/6 levels left

rFire   . . .        d - +0 falchion (drain)
rCold   . . .        (no shield)
rNeg    . . .        a - +0 robe
rPois   .            (helmet restricted)
rElec   .            (no cloak)
rCorr   .            (gloves unavailable)
SInv    .            (boots unavailable)
Will    +....        (no amulet)
Stlth   ++           c - +6 ring of dexterity
HPRegen 1.06/turn    (no ring)
MPRegen 0.09/turn

%: no passive effects
@: very slow
A: large, unfitting armour, claws 3, regeneration 1, shaggy fur 1, tough skin 1,
clever 1, strong-willed 1
a: Renounce Religion


You were on level 2 of the Dungeon.
You worshipped Cheibriados.
Cheibriados was noncommittal.
You visited 1 branch of the dungeon, and saw 2 of its levels.

You collected 62 gold pieces.

Inventory:

Hand Weapons
 d - a +0 falchion of draining (weapon)
Missiles
 e - 19 stones
 k - 4 poisoned darts
Armour
 a - a +0 robe (worn)
Magical Staves
 l - a staff of fire
Jewellery
 c - a +6 ring of dexterity (left claw)
Scrolls
 i - 2 scrolls of teleportation {unknown}
Potions
 b - a potion of magic
 g - a potion of curing


   Skills:
 + Level 2.3 Dodging
 - Level 1.0 Stealth
 + Level 1.8 Spellcasting
 - Level 1.0 Transmutations
 + Level 3.3 Earth Magic


You had 2 spell levels left.
You knew the following spells:

 Your Spells              Type           Power      Damage    Failure   Level
a - Sandblast             Erth           26%        2d8       4%          1
b - Stone Arrow           Conj/Erth      14%        3d7       28%         3

Your spell library contained the following spells:

 Spells                   Type           Power      Damage    Failure   Level
 Passwall                 Tmut/Erth      7%         N/A       12%         2
 Vhi's Electric Charge    Tloc/Air       2%         N/A       50%         3
 Petrify                  Tmut/Erth      9%         N/A       58%         4
 Arcjolt                  Conj/Air       0%         1d10      99%         5
 Plasma Beam              Fire/Air       0%         2x1d11    100%        6


Dungeon Overview and Level Annotations

Branches:
Dungeon (2/15)

Altars:
Cheibriados


Innate Abilities, Weirdness & Mutations

You are too large for most types of armour.
You have claws for hands.
Your natural rate of healing is unusually fast.
You are covered in fur. (AC +1)
You have tough skin. (AC +1)
Your mind is acute. (Int +4, Str/Dex -1)
You are strong-willed. (Will+)


Message History

Cheibriados appreciates the change of pace.
You barely miss the gnoll. The gnoll hits you with a +0 whip.
You hit the gnoll.
The gnoll is moderately wounded.
The gnoll closely misses you. The gnoll hits you with a +0 whip.
You hit the gnoll.
The gnoll is severely wounded.
The gnoll hits you but does no damage.
You slash the gnoll!
You kill the gnoll!
Cheibriados appreciates the change of pace.
You have reached level 4!
The gnoll attacks as you move away! The gnoll closely misses you.
The gnoll hits you from afar with a +0 halberd!
* * * LOW HITPOINT WARNING * * *
The gnoll hits you but does no damage. The gnoll attacks as you move away!
The gnoll closely misses you. The gnoll attacks as you move away!
The gnoll closely misses you. The gnoll attacks as you move away!
The gnoll barely misses you. x2
The gnoll closely misses you. The gnoll attacks as you move away!
The gnoll hits you with a +0 flail!
* * * LOW HITPOINT WARNING * * *
The gnoll attacks as you move away! The gnoll hits you with a +0 flail!
* * * LOW HITPOINT WARNING * * *
An adder comes into view.
The gnoll closely misses you. x2
It was a potion of curing.
You feel better. The gnoll closely misses you. The gnoll barely misses you.
It was a potion of mutation.
You feel extremely strange.
You feel strong-willed.
You feel clever. The gnoll misses you. The gnoll closely misses you.
You feel better. The gnoll barely misses you.
The gnoll hits you from afar with a +0 halberd!
* * * LOW HITPOINT WARNING * * *
As you read the scroll labelled URUIFI GEN ZOB, it crumbles to dust.
It is a scroll of brand weapon.
Your +0 falchion of protection craves living souls!
d - a +0 falchion of draining (weapon)
The gnoll hits you with a +0 flail!
You die...

#...........#)#
....+
......#.#...#.#
....#
##.##.#.###.#.#
#####
.#........#.#.#
.#.#.#..#.#.#.####
............#....#
.#.#....########g#
.#.#..#.......##g#
.#.#.##.#####.##@#
.#.#.##.# #.#
.#.#.##.# ...
...#.##<# .....
.###.##.# .......
.# #.##..
.......S# .#
#.##>. ########..
)###.# ... .....##


You could see 2 gnolls and an adder (asleep).

Vanquished Creatures
  2 gnolls (D:2)
  An adder (D:2)
  A worm (D:2)
  A dart slug (D:1)
  4 bats
  3 endoplasms (D:1)
  2 giant cockroaches (D:1)
  4 goblins
  3 hobgoblins (D:1)
  3 jackals (D:1)
  A quokka (D:1)
  2 ball pythons (D:1)
  3 frilled lizards (D:1)
  2 kobolds (D:1)
  A rat (D:1)
33 creatures vanquished.

Notes
Turn   | Place    | Note
-------+----------+-------------------------------------------
     0 | D:1      | FishyPogo the Troll Earth Elementalist began the quest for
                  | the Orb.
     0 | D:1      | Reached XP level 1. HP: 16/16 MP: 1/1
   300 | D:1      | Reached XP level 2. HP: 24/24 MP: 0/3
   305 | D:1      | Reached skill level 1 in Transmutations
   494 | D:1      | Reached skill level 3 in Earth Magic
   563 | D:1      | Reached XP level 3. HP: 30/31 MP: 1/4
   644 | D:1      | Learned a level 3 spell: Stone Arrow
   788 | D:2      | Found a snail-covered altar of Cheibriados.
   823 | D:2      | Became a worshipper of Cheibriados the Contemplative
   880 | D:2      | Reached XP level 4. HP: 19/39 MP: 5/5
   887 | D:2      | HP: 1/39 [gnoll/+0 flail (8)]
   889 | D:2      | Gained mutation: You are strong-willed. (Will+) [potion of
                  | mutation]
   889 | D:2      | Gained mutation: Your mind is acute. (Int +4, Str/Dex -1)
                  | [potion of mutation]
   891 | D:2      | Slain by a gnoll

Illustrated notes

Levels and vault maps discovered:
D:1:      dpeg_arrival_stone_temple_mockup, layout_loops_cross, kennysheep_boxes
D:2:      layout_basic, serial_shops, nicolae_diamond_shop, basic_altar

Skill      XL: |  1  2 |
---------------+-------+-----
Transmutations | 1 |  1.0
Earth Magic    | 3 |  3.3
Dodging        | 2 |  2.3
Stealth        | |  1.0
Spellcasting   | |  1.8

Action                     |  1- 3 |  4- 6 || total
---------------------------+-------+-------++-------
  Melee: Falchion          |    63 |       ||    63
         Short sword       |    20 |       ||    20
         Punch             |     1 |       ||     1
   Cast: Sandblast         |    16 |       ||    16
         Stone Arrow       |     1 |       ||     1
    Use: Potion            |       |     3 ||     3
         Scroll            |       |     1 ||     1
   Stab: Sleeping          |     2 |       ||     2
 Armour: Robe              |    33 |     1 ||    34
  Dodge: Dodged            |    51 |    13 ||    64
